 Dungeon Crawl Stone Soup version 0.23.2-40-g277498a001 (webtiles) character file.

Game seed: 13691070039971470264

49 Curus the Insei (level 3, 0/26 HPs)
             Began as a Merfolk Transmuter on Sept 21, 2019.
             Succumbed to an adder's poison
             ... on level 2 of the Dungeon.
             The game lasted 00:07:38 (1317 turns).

Curus the Insei (Merfolk Transmuter)                Turns: 1317, Time: 00:07:39

Health: 0/26       AC:  4    Str: 10    XL:     3   Next: 77%
Magic:  6/6        EV: 13    Int: 13    God:
Gold:   70         SH:  0    Dex: 14    Spells: 2/6 levels left

rFire    . . .     SeeInvis .     - Unarmed
rCold    . . .     Gourm    .   (no shield)
rNeg     . . .     Faith    .   b - +0 robe
rPois    .         Spirit   .   (no helmet)
rElec    .         Reflect  .   (no cloak)
rCorr    .         Harm     .   e - +1 pair of gloves
MR       .....                  (no boots)
Stlth    +.........             (no amulet)
HPRegen  0.08/turn              (no ring)
MPRegen  0.10/turn              (no ring)

@: lethally poisoned (0 -> -5), appendage (expiring)
A: change form in water, swift swim, stealthy swim, horns 2
a: End Transformation


You were on level 2 of the Dungeon.
You were not hungry.
You had grown temporary horns.
You visited 1 branch of the dungeon, and saw 2 of its levels.

You collected 70 gold pieces.

Inventory:

Missiles
 a - 12 arrows
Armour
 b - a +0 robe (worn)
 e - a +1 pair of gloves (worn)
Jewellery
 c - an uncursed ring of attention
Scrolls
 f - a scroll of identify
Comestibles
 d - 5 rations


   Skills:
 - Level 1.1 Fighting
 - Level 2.6 Dodging
 - Level 4.5 Unarmed Combat
 - Level 2.0 Spellcasting
 + Level 3.2 Transmutations
 + Level 1.1 Poison Magic


You had 2 spell levels left.
You knew the following spells:

 Your Spells              Type           Power        Failure   Level  Hunger
a - Beastly Appendage     Tmut           #.....       7%          1    ##.....
b - Spider Form           Tmut/Pois      #.........   30%         3    ####...

Your spell library contained the following spells:

 Spells                   Type           Power        Failure   Level  Hunger
 Sticks to Snakes         Tmut           #.......     10%         2    ###....
 Ice Form                 Ice/Tmut       #.......     78%         4    #####..
 Blade Hands              Tmut           #.........   88%         5    ######.


Dungeon Overview and Level Annotations

Branches:
Dungeon (2/15)

Altars:
Dithmenos

Annotations:
D:2 2 transporters


Innate Abilities, Weirdness & Mutations

You revert to your normal form in water You are very nimble and swift while swimming.
You are very stealthy in the water. (Stealth+)
You have a pair of horns on your head.


Message History

* * * LOW HITPOINT WARNING * * *
You feel sick. The adder closely misses you. The adder misses you.
You closely miss the adder. Your headbutt misses the adder.
The adder is severely wounded.
The adder misses you.
You closely miss the adder.
The adder is severely wounded.
* * * LOW HITPOINT WARNING * * *
You feel sick. The adder bites you.
* * * LOW HITPOINT WARNING * * *
You miss the adder.
The adder is severely wounded.
The adder bites you.
* * * LOW HITPOINT WARNING * * *
You punch the adder!
You kill the adder!
Your Poison Magic skill increases to level 1!
* * * LOW HITPOINT WARNING * * *
You feel sick.
You die...

#............#
############.#
#.# #.# #.#
#.# #.# #.#
#@# #.# #.#
... ###


There were no monsters in sight!

Vanquished Creatures
  2 adders (D:2)
  A worm (D:2)
  A dart slug (D:1)
  A ball python (D:1)
  2 giant cockroaches
  A goblin (D:1)
  6 hobgoblins
  3 bats
  2 frilled lizards (D:1)
  5 kobolds
  3 rats (D:1)
27 creatures vanquished.

Notes
Turn   | Place    | Note
-------+----------+-------------------------------------------
     0 | D:1      | Curus the Merfolk Transmuter began the quest for the Orb.
     0 | D:1      | Reached XP level 1. HP: 15/15 MP: 3/3
   104 | D:1      | Reached XP level 2. HP: 14/21 MP: 1/5
   220 | D:1      | Reached skill level 4 in Unarmed Combat
   780 | D:2      | Reached XP level 3. HP: 26/26 MP: 6/6
   789 | D:2      | Learned a level 3 spell: Spider Form
   973 | D:2      | Noticed a bullfrog
   973 | D:2      | Noticed an orc warrior
   974 | D:2      | Found a transporter.
   993 | D:2      | Found a transporter.
  1019 | D:2      | Found a shadowy altar of Dithmenos.
  1313 | D:2      | Reached skill level 1 in Poison Magic
  1314 | D:2      | HP: 1/26 [poisoned by an adder]
  1317 | D:2      | Succumbed to an adder's poison

Skill      XL: |  1  2  3 |
---------------+----------+-----
Unarmed Combat | 4 |  4.5
Transmutations | 3 |  3.2
Poison Magic   | 1 |  1.1
Fighting       | |  1.1
Dodging        | |  2.6
Spellcasting   | |  2.0

Action                   || total
-------------------------++-------
Melee: Unarmed           ||   130
       Headbutt          ||     6
       Punch             ||     1
 Cast: Beastly Appendage ||    15
  Use: Potion            ||     2
       Scroll            ||     3
  Eat: Chunk             ||     2
Armor: Robe              ||    27
Dodge: Dodged            ||    83
